[ AOE2 MATCH · #506233025 ]
UnrankedPersians vs Incas
Player's team · WIN
Rival team · LOSS
[ REPLAY ANALYSIS · EXTRACTED FROM THE RECORDED GAME ]
Feudal
10:45
Castle
22:40
Imperial
—
| APM avg | 66.5 |
| APM peak | 103 |
| eAPM avg | 18.3 |
| Villagers / military | 48 / 16 |
Focus
⚔️ 27.2% · 🌾 72.8%
Cavalry Archer ×6 · Archer ×4 · Militia ×4 · Scout Cavalry ×2
Feudal
10:16
Castle
—
Imperial
—
| APM avg | 26.5 |
| APM peak | 64 |
| eAPM avg | 11.5 |
| Villagers / military | 41 / 5 |
Focus
⚔️ 16.8% · 🌾 83.2%
Unknown (2550) ×13 · Archer ×5
Match map
Initial resources + every placement click. Lines = walls · curves = elevation contours. ◆ gold · ⬟ stone · ● berries · ✦ relic · ◌ wall gap
Your base· ✓ Closed at 22:40 · 31t walls · 1 gate(s)
Crownda Buffalo siken KURT's base· Open — unwalled flank
Smoothed initial terrain · ◌ = detected wall gap · hover for details
Inputs per minute
— pablo.isaza - - Crownda Buffalo siken KURT
Build order — pablo.isaza
131 actions detected in the replay
| 0:01 | Queue | Villager (Male) |
| 0:01 | Queue | Villager (Male) |
| 0:02 | Build | House |
| 0:03 | Build | House |
| 0:23 | Queue | Villager (Male) |
| 0:27 | Queue | Villager (Male) |
| 0:33 | Queue | Villager (Male) |
| 0:34 | Queue | Villager (Male) |
| 1:21 | Build | Lumber Camp |
| 1:29 | Queue | Villager (Male) |
| 2:01 | Queue | Villager (Male) |
| 2:28 | Queue | Villager (Male) |
| 2:28 | Queue | Villager (Male) |
| 2:41 | Queue | Villager (Male) |
| 3:29 | Queue | Villager (Male) |
| 3:31 | Queue | Villager (Male) |
| 4:02 | Build | House |
| 4:07 | Queue | Villager (Male) |
| 4:29 | Build | Barracks |
| 4:29 | Build | Barracks |
| 4:43 | Queue | Villager (Male) |
| 5:00 | Build | House |
| 5:07 | Queue | Villager (Male) |
| 5:15 | Queue | Villager (Male) |
| 5:30 | Queue | Militia |
| 5:30 | Queue | Militia |
| 5:31 | Queue | Militia |
| 5:35 | Queue | Militia |
| 6:21 | Queue | Villager (Male) |
| 6:24 | Research | Loom |
| 6:25 | Queue | Villager (Male) |
| 6:29 | Build | Mill |
| 6:42 | Queue | Villager (Male) |
| 6:53 | Research | Loom |
| 8:41 | Research | Feudal Age |
| 9:20 | Build | Mill |
| 9:26 | Build | House |
| 10:02 | Build | House |
| 10:38 | Queue | Villager (Male) |
| 10:45 | Age | Feudal Age |
| 10:47 | Build | Stable |
| 10:49 | Research | Man-at-Arms (upgrade) |
| 10:58 | Queue | Villager (Male) |
| 11:04 | Build | Palisade Wall |
| 11:13 | Build | Palisade Wall |
| 11:15 | Build | Farm |
| 11:24 | Queue | Villager (Male) |
| 11:39 | Queue | Villager (Male) |
| 11:42 | Build | Farm |
| 11:43 | Queue | Scout Cavalry |
| 11:43 | Queue | Scout Cavalry |
| 11:53 | Build | Palisade Wall |
| 12:01 | Build | Farm |
| 12:01 | Build | Farm |
| 12:01 | Build | Farm |
| 12:02 | Build | Farm |
| 12:02 | Build | Farm |
| 12:02 | Queue | Villager (Male) |
| 12:37 | Queue | Villager (Male) |
| 12:56 | Queue | Villager (Male) |
| 13:16 | Queue | Villager (Male) |
| 13:21 | Build | Farm |
| 13:21 | Build | Farm |
| 13:21 | Build | Farm |
| 13:23 | Build | House |
| 13:23 | Build | House |
| 13:36 | Build | House |
| 13:38 | Build | Palisade Wall |
| 13:39 | Queue | Villager (Male) |
| 13:53 | Build | Palisade Wall |
| 13:58 | Queue | Villager (Male) |
| 14:25 | Build | House |
| 14:26 | Build | House |
| 14:30 | Queue | Villager (Male) |
| 14:32 | Build | Farm |
| 14:36 | Queue | Villager (Male) |
| 14:37 | Build | Farm |
| 14:43 | Queue | Villager (Male) |
| 14:55 | Queue | Villager (Male) |
| 14:58 | Build | Palisade Wall |
| 15:02 | Build | Palisade Wall |
| 15:06 | Build | Farm |
| 15:16 | Build | Palisade Gate |
| 15:20 | Queue | Villager (Male) |
| 15:23 | Build | Farm |
| 15:23 | Queue | Villager (Male) |
| 15:29 | Queue | Villager (Male) |
| 15:33 | Build | House |
| 15:50 | Build | Mining Camp |
| 15:55 | Queue | Villager (Male) |
| 16:06 | Queue | Villager (Male) |
| 16:47 | Queue | Villager (Male) |
| 16:54 | Queue | Villager (Male) |
| 17:02 | Build | Archery Range |
| 17:06 | Queue | Villager (Male) |
| 17:18 | Queue | Villager (Male) |
| 17:27 | Build | House |
| 17:45 | Build | Mining Camp |
| 17:52 | Queue | Villager (Male) |
| 18:01 | Queue | Archer |
| 18:01 | Queue | Archer |
| 18:13 | Queue | Villager (Male) |
| 18:22 | Queue | Archer |
| 18:58 | Queue | Villager (Male) |
| 19:14 | Queue | Archer |
| 19:26 | Build | Blacksmith |
| 19:29 | Build | Market |
| 19:41 | Queue | Villager (Male) |
| 20:11 | Build | Farm |
| 20:15 | Research | Castle Age |
| 20:33 | Research | Double-Bit Axe |
| 20:36 | Build | Blacksmith |
| 20:58 | Build | Farm |
| 21:23 | Research | Horse Collar |
| 21:36 | Research | Fletching |
| 21:42 | Build | Farm |
| 21:43 | Build | Farm |
| 21:47 | Build | Farm |
| 21:50 | Build | Farm |
| 22:06 | Build | Archery Range |
| 22:16 | Build | Lumber Camp |
| 22:28 | Research | Bloodlines |
| 22:40 | Age | Castle Age |
| 22:48 | Queue | Villager (Male) |
| 22:57 | Research | Bodkin Arrow |
| 23:00 | Queue | Cavalry Archer |
| 23:01 | Queue | Cavalry Archer |
| 23:01 | Queue | Cavalry Archer |
| 23:01 | Queue | Cavalry Archer |
| 23:01 | Queue | Cavalry Archer |
| 23:02 | Queue | Cavalry Archer |
Build order — Crownda Buffalo siken KURT
96 actions detected in the replay
| 0:00 | Queue | Villager (Male) |
| 0:02 | Build | House |
| 0:05 | Queue | Villager (Male) |
| 0:05 | Queue | Villager (Male) |
| 0:05 | Queue | Villager (Male) |
| 0:05 | Queue | Villager (Male) |
| 1:12 | Queue | Villager (Male) |
| 1:57 | Queue | Villager (Male) |
| 1:59 | Queue | Villager (Male) |
| 2:41 | Build | Settlement |
| 2:49 | Queue | Villager (Male) |
| 2:50 | Queue | Villager (Male) |
| 3:30 | Queue | Villager (Male) |
| 3:47 | Queue | Villager (Male) |
| 3:48 | Queue | Villager (Male) |
| 4:19 | Queue | Villager (Male) |
| 4:38 | Queue | Villager (Male) |
| 4:48 | Queue | Villager (Male) |
| 6:25 | Queue | Villager (Male) |
| 6:26 | Queue | Villager (Male) |
| 6:27 | Queue | Villager (Male) |
| 7:34 | Build | Settlement |
| 7:41 | Queue | Villager (Male) |
| 8:01 | Research | Feudal Age |
| 8:01 | Research | Feudal Age |
| 8:45 | Build | Settlement |
| 9:06 | Queue | Villager (Male) |
| 9:06 | Queue | Villager (Male) |
| 9:10 | Research | Loom |
| 9:11 | Queue | Villager (Male) |
| 9:14 | Queue | Villager (Male) |
| 10:16 | Age | Feudal Age |
| 10:55 | Queue | Villager (Male) |
| 10:59 | Queue | Villager (Male) |
| 11:32 | Build | Barracks |
| 11:48 | Build | Watch Tower |
| 12:17 | Queue | Unit 2550 |
| 12:22 | Research | Tech 1402 |
| 12:22 | Queue | Unit 2550 |
| 13:13 | Queue | Villager (Male) |
| 13:14 | Queue | Villager (Male) |
| 13:14 | Queue | Villager (Male) |
| 13:18 | Queue | Villager (Male) |
| 13:27 | Queue | Unit 2550 |
| 13:40 | Build | Farm |
| 13:42 | Build | Farm |
| 13:43 | Build | Farm |
| 13:52 | Build | Blacksmith |
| 13:59 | Queue | Unit 2550 |
| 14:30 | Build | Farm |
| 14:38 | Build | Farm |
| 14:50 | Queue | Unit 2550 |
| 14:56 | Build | Farm |
| 14:57 | Research | Forging |
| 15:15 | Build | Farm |
| 15:40 | Build | Farm |
| 15:43 | Research | Scale Mail Armor |
| 15:57 | Build | Farm |
| 16:05 | Build | Farm |
| 16:20 | Queue | Villager (Male) |
| 16:34 | Queue | Unit 2550 |
| 16:43 | Build | Farm |
| 16:55 | Queue | Unit 2550 |
| 16:57 | Build | Farm |
| 16:58 | Queue | Villager (Male) |
| 17:31 | Queue | Villager (Male) |
| 17:32 | Queue | Villager (Male) |
| 17:38 | Queue | Unit 2550 |
| 17:38 | Queue | Unit 2550 |
| 18:22 | Queue | Villager (Male) |
| 18:25 | Build | Farm |
| 18:29 | Build | Farm |
| 18:44 | Queue | Villager (Male) |
| 18:57 | Build | Archery Range |
| 19:18 | Queue | Villager (Male) |
| 19:21 | Research | Wheelbarrow |
| 19:22 | Queue | Villager (Male) |
| 19:26 | Queue | Villager (Male) |
| 19:39 | Queue | Unit 2550 |
| 19:40 | Queue | Archer |
| 19:44 | Queue | Unit 2550 |
| 19:57 | Research | Arson |
| 19:58 | Build | Farm |
| 20:20 | Queue | Archer |
| 20:24 | Research | Fletching |
| 20:43 | Queue | Archer |
| 21:01 | Queue | Villager (Male) |
| 21:05 | Queue | Unit 2550 |
| 21:19 | Queue | Archer |
| 21:31 | Build | House |
| 21:34 | Queue | Villager (Male) |
| 21:39 | Build | Farm |
| 21:57 | Queue | Archer |
| 21:58 | Queue | Unit 2550 |
| 22:07 | Build | Market |
| 22:28 | Build | Farm |
Match timeline
| 4:29 | pablo.isaza · first_building Barracks |
| 10:16 | Crownda Buffalo siken KURT · age_up feudal |
| 10:45 | pablo.isaza · age_up feudal |
| 10:47 | pablo.isaza · first_building Stable |
| 11:04 | pablo.isaza · wall_segment Palisade Wall x7 |
| 11:13 | pablo.isaza · wall_segment Palisade Wall x1 |
| 11:32 | Crownda Buffalo siken KURT · first_building Barracks |
| 11:53 | pablo.isaza · wall_segment Palisade Wall x9 |
| 13:38 | pablo.isaza · wall_segment Palisade Wall x6 |
| 13:53 | pablo.isaza · wall_segment Palisade Wall x3 |
| 14:58 | pablo.isaza · wall_segment Palisade Wall x1 |
| 15:02 | pablo.isaza · wall_segment Palisade Wall x4 |
| 17:02 | pablo.isaza · first_building Archery Range |
| 18:57 | Crownda Buffalo siken KURT · first_building Archery Range |
| 22:40 | pablo.isaza · age_up castle |
| 23:04 | Crownda Buffalo siken KURT · resign |
[ AI ANALYSIS · 1 CREDIT ]
What really happened in this match?
Wolo.gg analyzes every decision: build order, eco, micro, common mistakes by bracket. Personalized analysis on WhatsApp or Discord in 30 seconds.
Civ guide
Persians
Perfil
Jugador #5357515